 Dungeon Crawl Stone Soup version 0.28.0-53-g5a82cb258f (webtiles) character file.

Game seed: 14403075853758522357

5172 safid the Severer (level 10, 0/86 HPs)
             Began as a Hill Orc Fighter on June 21, 2022.
             Was a Follower of Beogh.
             Slain by a ten-headed hydra (10 damage)
             ... on level 9 of the Dungeon on June 24, 2022.
             The game lasted 00:16:40 (8800 turns).

safid the Severer (Hill Orc Fighter)                Turns: 8800, Time: 00:16:42

Health: 0/86       AC: 18    Str: 24    XL:     10   Next: 59%
Magic:  0/14       EV:  6    Int:  8    God:    Beogh [*.....]
Gold:   530        SH:  4    Dex: 10    Spells: 9/9 levels left

rFire   . . .      SeeInvis .   B - +0 war axe (vorpal)
rCold   + . .      Faith    .   c - +0 buckler
rNeg    . . .      Spirit   +   f - +0 plate armour
rPois   .          Reflect  .   v - +0 helmet
rElec   .          Harm     .   C - +2 cloak
rCorr   .          Rampage  .   (no gloves)
Will    +....                   t - +0 pair of boots
Stlth   ..........              x - amulet of guardian spirit
HPRegen 0.24/turn               l - ring of willpower
MPRegen 0.14/turn               q - ring of Noucha Boonk {Fly rC+ Stlth+}

@: flying, invisible
A: no striking features
a: Renounce Religion


You were on level 9 of the Dungeon.
You worshipped Beogh.
Beogh was aware of your devotion.
You visited 1 branch of the dungeon, and saw 9 of its levels.

You collected 530 gold pieces.

Inventory:

Hand Weapons
 B - a +0 vorpal war axe (weapon)
Missiles
 i - 3 silver javelins (quivered)
 y - 12 poisoned darts
Armour
 c - a +0 buckler (worn)
 f - a +0 plate armour (worn)
 j - a scarf of resistance
 t - a +0 pair of boots (worn)
 v - a +0 helmet (worn)
 C - a +2 cloak (worn)
Jewellery
 l - a ring of willpower (left hand)
 q - the ring of Noucha Boonk (right hand) {Fly rC+ Stlth+}
   (You found it on level 3 of the Dungeon)

   [ring of flight]

   rC:        It protects you from cold.
   Fly:       It grants you flight.
   Stlth:     It makes you more stealthy.
 x - an amulet of guardian spirit (around neck)
 D - a ring of see invisible
Wands
 u - a wand of flame (15)
 E - a wand of iceblast (8)
 F - a wand of paralysis (8)
 J - a wand of mindburst (20)
Scrolls
 d - 2 scrolls of amnesia {unknown}
 k - 2 scrolls of fog {unknown}
 r - a scroll of fear {unknown}
 w - 3 scrolls of blinking
 A - a scroll of vulnerability {unknown}
 G - a scroll of enchant armour {unknown}
 H - a scroll of silence {unknown}
 L - a scroll of immolation {unknown}
Potions
 a - a potion of haste {unknown}
 b - 5 potions of curing
 e - a potion of invisibility
 g - 2 potions of flight
 h - 2 potions of heal wounds {unknown}
 m - a potion of mutation {unknown}
 n - 2 potions of attraction {unknown}
 o - a potion of cancellation {unknown}
 p - 3 potions of ambrosia
 s - a potion of berserk rage {unknown}
 z - a potion of might
 I - a potion of magic {unknown}
 K - a potion of brilliance {unknown}


   Skills:
 + Level 7.1 Fighting
 - Level 16.0 Axes
 + Level 6.7 Armour
 - Level 4.0 Shields
 + Level 6.2 Invocations


You had 9 spell levels left.
You didn't know any spells.
Your spell library contained the following spells:

 Spells                   Type           Power      Damage    Failure   Level
 Shock                    Conj/Air       0%         1d3       100%        1
 Scorch                   Fire           0%         2d5       100%        2
 Static Discharge         Conj/Air       0%         N/A       100%        2
 Mephitic Cloud           Conj/Pois/Air  0%         N/A       100%        3
 Stone Arrow              Conj/Erth      0%         3d7       100%        3
 Animate Armour           Summ/Erth      0%         N/A       100%        4
 Flame Wave               Conj/Fire      0%         2d4       100%        4
 Conjure Ball Lightning   Conj/Air       0%         3x3d6     100%        6
 Summon Cactus Giant      Summ           0%         N/A       100%        6
 Lehudib's Crystal Spear  Conj/Erth      0%         10d2      100%        8


Dungeon Overview and Level Annotations

Branches:
Dungeon (9/15)             Temple (0/1) D:5
   Lair: D:8-11         Orc: D:9-12

Altars:
Elyvilon
Makhleb
Sif Muna
Uskayaw


Message History

The six-headed hydra grows two more!
You slash the eight-headed hydra!
The eight-headed hydra is moderately wounded.
The eight-headed hydra bites you but does no damage.
You block the eight-headed hydra's attack.
The eight-headed hydra barely misses you. x2
The eight-headed hydra bites you but does no damage. x3
The eight-headed hydra bites you.
You chop one of the eight-headed hydra's heads off!
The seven-headed hydra grows two more!
You slash the nine-headed hydra!
The nine-headed hydra is moderately wounded.
The nine-headed hydra bites you but does no damage.
The nine-headed hydra closely misses you.
The nine-headed hydra bites you but does no damage. x3
The nine-headed hydra barely misses you.
The nine-headed hydra bites you but does no damage.
The nine-headed hydra bites you! The nine-headed hydra bites you.
You barely miss the nine-headed hydra.
The nine-headed hydra is moderately wounded.
You hack one of the nine-headed hydra's heads off!
The eight-headed hydra grows two more!
You slash the ten-headed hydra!
The ten-headed hydra is moderately wounded.
The ten-headed hydra bites you! The ten-headed hydra bites you.
The ten-headed hydra bites you! The ten-headed hydra bites you.
The ten-headed hydra bites you but does no damage.
The ten-headed hydra bites you!
The ten-headed hydra bites you but does no damage. x3
The ten-headed hydra bites you!
* * * LOW HITPOINT WARNING * * *
Welcome back, safid the Hill Orc Fighter.
Beogh says: Drown the unbelievers in a sea of blood!
Press ? for a list of commands and other information.
Okay, then.
You fade into invisibility!
The ten-headed hydra barely misses you.
You block the ten-headed hydra's attack.
The ten-headed hydra bites you!
* * * LOW HITPOINT WARNING * * *
The ten-headed hydra bites you but does no damage.
The ten-headed hydra bites you!
You die...

###########
#@D........
#..†.......
#..####.###
#..#..
#..#....
#..#..($(.
#..#..$[$.
#..#..$$(.
#..#......


You could see a ten-headed hydra.

Vanquished Creatures
  Joseph (D:8)
  A gargoyle (D:7)
  5 yaks (D:9)
  A wyvern (D:8)
  A wraith (D:9)
  A vampire mosquito (D:9)
  2 water moccasins
  3 ice beasts
  3 sky beasts
  2 orc warriors
  2 black bears
  An ogre (D:6)
  A kobold brigand (D:8)
  A wyvern zombie (D:8)
  2 gnoll sergeants
  6 scorpions
  A water moccasin skeleton (D:7)
  A water moccasin zombie (D:5)
  6 killer bees
  9 wights
  A howler monkey (D:4)
  3 centaur zombies
  2 bullfrog zombies
  4 hounds
  3 centaur skeletons
  A gnoll shaman (D:4)
  8 iguanas
  An orc wizard (D:8)
  A hound skeleton (D:5)
  Robin (D:4)
  6 adders
  3 gnolls (D:4)
  A shadow imp (D:7)
  A white imp (D:7)
  An ufetubus (D:4)
  A worm (D:3)
  A dart slug (D:2)
  17 orcs
  5 endoplasms
  3 giant cockroaches
  14 goblins
  18 hobgoblins
  2 jackals (D:1)
  7 quokkas
  4 ball pythons
  5 bats
  2 frilled lizards (D:1)
  7 kobolds
  4 rats
177 creatures vanquished.

Notes
Turn   | Place    | Note
-------+----------+-------------------------------------------
     0 | D:1      | safid the Hill Orc Fighter began the quest for the Orb.
     0 | D:1      | Reached XP level 1. HP: 19/19 MP: 1/1
   131 | D:1      | Reached skill level 3 in Axes
   131 | D:1      | Reached XP level 2. HP: 23/27 MP: 2/2
   339 | D:1      | Got the Reference Book on Feathers
   716 | D:1      | Reached XP level 3. HP: 33/33 MP: 3/3
  1079 | D:2      | Found a faded altar of an unknown god.
  1240 | D:2      | Reached skill level 4 in Axes
  1240 | D:2      | Reached XP level 4. HP: 26/40 MP: 4/4
  1910 | D:3      | Identified the ring of Noucha Boonk {Fly rC+ Stlth+}
  2271 | D:4      | Noticed a scorpion
  2274 | D:4      | Noticed a scorpion
  2277 | D:4      | Killed a scorpion
  2278 | D:4      | Reached skill level 5 in Axes
  2278 | D:4      | Reached XP level 5. HP: 42/46 MP: 5/5
  2280 | D:4      | Reached skill level 6 in Axes
  2286 | D:4      | Reached XP level 6. HP: 46/52 MP: 6/6
  2290 | D:4      | Reached skill level 7 in Axes
  2387 | D:4      | Reached skill level 8 in Axes
  2640 | D:4      | Noticed Robin
  2653 | D:4      | Killed Robin
  2654 | D:4      | Reached XP level 7. HP: 37/59 MP: 7/7
  3095 | D:4      | Reached skill level 9 in Axes
  3449 | D:4      | Reached skill level 10 in Axes
  3735 | D:5      | Entered Level 5 of the Dungeon
  3754 | D:5      | Reached skill level 11 in Axes
  3754 | D:5      | Reached XP level 8. HP: 59/66 MP: 6/8
  3767 | D:5      | Found a staircase to the Ecumenical Temple.
  3932 | D:5      | Reached skill level 12 in Axes
  4038 | D:5      | Found a white marble altar of Elyvilon.
  4298 | D:5      | Reached skill level 13 in Axes
  4314 | D:5      | Found a hide-covered altar of Uskayaw.
  4392 | D:5      | Found a shimmering blue altar of Sif Muna.
  4891 | D:6      | Reached XP level 9. HP: 71/71 MP: 9/9
  4982 | D:6      | Reached skill level 14 in Axes
  5178 | D:6      | Found a burning altar of Makhleb.
  5445 | D:6      | Reached skill level 15 in Axes
  5482 | D:6      | Became a worshipper of Beogh the Brigand
  6057 | D:7      | Noticed a gargoyle
  6072 | D:7      | Killed a gargoyle
  6530 | D:7      | Reached skill level 16 in Axes
  6701 | D:7      | Reached skill level 1 in Invocations
  7251 | D:8      | Reached skill level 5 in Fighting
  7256 | D:8      | Reached skill level 5 in Armour
  7256 | D:8      | Reached XP level 10. HP: 52/81 MP: 8/12
  7770 | D:8      | Reached * piety under Beogh
  7802 | D:8      | Noticed Joseph
  7821 | D:8      | Killed Joseph
  8226 | D:9      | Reached skill level 5 in Invocations
  8493 | D:9      | Noticed a two-headed ogre
  8779 | D:9      | Noticed a five-headed hydra
  8800 | D:9      | Slain by a ten-headed hydra

Illustrated notes

Levels and vault maps discovered:
D:1:      tarquinn_simple_flora_water_e, layout_loops_ring,
          chequers_serial_rivers_small_b
D:2:      layout_basic, shapermc_ecumenical_altar_starsandcircs,
          corexii_leaking_fountain
D:3:      layout_loops_cross, serial_bayou_pond_d, due_unseen_surprise
D:4:      minmay_razor_zed, layout_basic, hex_medium, uniq_robin
D:5:      kb_forest_paths, layout_basic, kennysheep_little_box,
          mainiacjoe_overflow_catwalk, mainiacjoe_overflow_small_starburst,
          minmay_temple_entry_trees
D:6:      layout_basic, bloody_makhleb
D:7:      layout_basic, minmay_fountain_box, st_stairs_4
D:8:      layout_basic, uniq_joseph
D:9:      cheibrodos_elevator_heist, layout_irregular_city,
          mainiacjoe_overflow_surrounded_room, ebering_ghost_funeral_grove,
          minmay_starry_boxes

Skill      XL: |  1  2  3  4  5  6  7  8  9 10 |
---------------+-------------------------------+-----
Axes           | 3 4 5 6 8 11 13 16 | 16.0
Fighting       | 4 5 7 |  7.1
Armour         | 4 5 6 |  6.7
Shields        | 4 |  4.0
Invocations    | 3 6 |  6.2

Action                   |  1- 3 |  4- 6 |  7- 9 | 10-12 || total
-------------------------+-------+-------+-------+-------++-------
Melee: War axe           |   122 |    85 |   324 |   117 ||   648
Throw: Javelin           |       |       |     6 |     1 ||     7
Invok: Convert to Beogh  |       |       |     1 |       ||     1
  Use: Potion            |       |     1 |       |     1 ||     2
       Scroll            |       |       |     5 |     1 ||     6
Armor: Scale mail        |    28 |       |       |       ||    28
       Plate armour      |    49 |    49 |   178 |    62 ||   338
Dodge: Dodged            |    37 |    34 |    63 |    33 ||   167
Block: Buckler           |    33 |    15 |    59 |    13 ||   120
